 Dungeon Crawl Stone Soup version 0.17-a0-2109-g117576f (webtiles) character file.

9 ololoev the Firebug (level 2, 19/19 HPs)
             Began as a Demonspawn Fire Elementalist on Oct 19, 2015.
             Quit the game on level 1 of the Dungeon.
             The game lasted 00:00:46 (353 turns).

ololoev the Firebug (Demonspawn Fire Elementalist)   Turns: 353, Time: 00:00:47

Health: 19/19      AC:  2    Str:  8    XL:     2   Next: 3%
Magic:  2/5        EV: 12    Int: 16    God:
Gold:   30         SH:  0    Dex: 13    Spells: 1 memorised, 4 levels left

rFire  . . .     SeeInvis .     (no weapon)
rCold  . . .     Clarity  .     a - +0 robe
rNeg   . . .     SustAt   +     (no shield)
rPois  .         Gourm    .     (no helmet)
rElec  .         Spirit   .     (no cloak)
rCorr  .         Warding  .     (no gloves)
rMut   .         Stasis   .     (no boots)
MR     .....                    (no amulet)
Stlth  ++........               (no ring)
                                d - ring of sustain attributes (curse)

@: not resistant to hostile enchantments, unstealthy
A: spiny 1
a: no special abilities


Innate Abilities, Weirdness & Mutations

You are partially covered in sharp spines.

Inventory:

Armour
 a - a +0 robe (worn)
Jewellery
 d - a cursed ring of sustain attributes (left hand)
Books
 b - a book of Flames

   Spells                             Type                      Level
   a - Flame Tongue                   Conjuration/Fire             1
   b - Throw Flame                    Conjuration/Fire             2
   c - Conjure Flame                  Conjuration/Fire             3
   d - Inner Flame                    Hexes/Fire                   3
   e - Sticky Flame                   Conjuration/Fire             4
   f - Fireball                       Conjuration/Fire             5
Comestibles
 c - 2 bread rations


   Skills:
 - Level 1.7 Dodging
 - Level 1.7 Stealth
 + Level 2.1 Spellcasting
 * Level 1.4 Conjurations
 + Level 2.9 Fire Magic


You had 4 spell levels left.
You knew the following spells:

 Your Spells              Type           Power        Failure   Level  Hunger
a - Flame Tongue          Conj/Fire      #....        10%         1    #......


You were on level 1 of the Dungeon.
You were not hungry.

You visited 1 branch of the dungeon, and saw 1 of its levels.

You collected 30 gold pieces.

### ..# ..# ########### .
..# #.........# ..
..########.........#####...
.....†..........@†.........
...........................
..########................#
..# #................# ..#
#########........# #.#
#........# #.# ##########
#.# #.#####

Notes
Turn   | Place    | Note
--------------------------------------------------------------
     0 | D:1      | ololoev the Demonspawn Fire Elementalist began the quest for the Orb.
     0 | D:1      | Reached XP level 1. HP: 13/13 MP: 3/3
   342 | D:1      | Gained mutation: You are partially covered in sharp spines. [demonic ancestry]
   342 | D:1      | Reached XP level 2. HP: 19/19 MP: 3/5
   353 | D:1      | Quit the game

Dungeon Overview and Level Annotations

Branches:
Dungeon (1/15)

Altars:


Message History

Aiming: Flame Tongue
Press: ? - help, Shift-Dir - straight line, f/p - goblin
Aim: a goblin (moderately wounded)
The flame tongue misses the goblin.
The goblin completely misses you.
Casting: Flame Tongue
Confirm with . or Enter, or press ? or * to list all spells.
Aiming: Flame Tongue
Press: ? - help, Shift-Dir - straight line, f/p - goblin
Aim: a goblin (moderately wounded)
The flame tongue hits the goblin.
You kill the goblin!
You start resting.
Magic restored.
You see here a goblin corpse.
A giant newt comes into view.
A giant newt is nearby!
A giant newt is nearby!
A giant newt is nearby!
A kobold comes into view.
You see here a bread ration.
Casting: Flame Tongue
Confirm with . or Enter, or press ? or * to list all spells.
Aiming: Flame Tongue
Press: ? - help, Shift-Dir - straight line, f - giant newt
Aim: a giant newt The flame tongue hits the giant newt.
You kill the giant newt!
You have reached level 2!
Your demonic ancestry asserts itself...
Sharp spines emerge from parts of your body.
Casting: Flame Tongue
Confirm with . or Enter, or press ? or * to list all spells.
Aiming: Flame Tongue
Press: ? - help, Shift-Dir - straight line, f - kobold
Aim: a kobold (resting)
The flame tongue hits the kobold.
You kill the kobold!
You now have 30 gold pieces (gained 10).
c - 2 bread rations (gained 1) Are you sure you want to abandon this character and quit the game? (Confirm with "yes".)

There were no monsters in sight!

Vanquished Creatures
  A goblin (D:1)
  4 hobgoblins (D:1)
  2 giant newts (D:1)
  A kobold (D:1)
8 creatures vanquished.

Action                   || total
-------------------------++-------
Melee: Unarmed           ||     3
 Cast: Flame Tongue      ||    12

Vault maps used:
D:1:      dpeg_arrival_round_a, minmay_misc_feat_more_columns
